 Dungeon Crawl Stone Soup version 0.31.0-32-g396128a36d (webtiles) character file.

Game seed: 869074367517308253

8549 Lungfish the Fighter (level 11, -2/120 HPs)
             Began as a Troll Shapeshifter on Mar 26, 2024.
             Was a Follower of Ru.
             Slain by a stone giant (21 damage)
             ... on level 10 of the Dungeon.
             The game lasted 00:29:41 (7833 turns).

Lungfish the Fighter (Troll Shapeshifter)           Turns: 7833, Time: 00:29:42

Health: -2/120     AC:  7    Str: 34    XL:     11   Next: 11%
Magic:  10/10      EV: 11    Int:  6    God:    Ru [*.....]
Gold:   419        SH:  0    Dex:  9    Spells: 10/10 levels left

rFire   . .          .
                       - Unarmed
rCold   . . .        (no shield)
rNeg    . . .        M - +0 robe {Will+}
rPois   +            (helmet restricted)
rElec   .            C - +2 cloak {rPois}
rCorr   .            (gloves unavailable)
SInv    .            (boots unavailable)
Will    +....        (no amulet)
Stlth   +            L - +6 ring of strength
HPRegen 1.20/turn    K - +4 ring of slaying
MPRegen 0.12/turn

%: no passive effects
@: studying Fighting
A: large, unfitting armour, claws 3, regeneration 1, shaggy fur 1, tough skin 1,
no earth magic, no hexes magic, no translocations magic
a: Renounce Religion


You were on level 10 of the Dungeon.
You worshipped Ru.
Ru was aware of your devotion.
You visited 2 branches of the dungeon, and saw 11 of its levels.

You collected 419 gold pieces.

Inventory:

Hand Weapons
 b - a +0 sling
 E - a +3 falchion of draining
 F - a +4 heavy flail
Missiles
 q - 49 poisoned darts (quivered)
Armour
 a - a +0 kite shield
 C - a +2 cloak of poison resistance (worn)
 M - a +0 robe of willpower (worn)
Jewellery
 l - a ring of positive energy
 H - a ring of magical power
 K - a +4 ring of slaying (right claw)
 L - a +6 ring of strength (left claw)
Talismans
 c - a beast talisman
 d - a flux talisman
 G - a maw talisman
Wands
 h - a wand of light (14)
 A - a wand of iceblast (11)
 I - a wand of polymorph (4)
 J - a wand of mindburst (11)
Scrolls
 g - 2 scrolls of poison
 i - 2 scrolls of enchant weapon {unknown}
 k - 6 scrolls of teleportation
 m - a scroll of summoning {unknown}
 n - 2 scrolls of torment
 o - 2 scrolls of enchant armour
 p - 3 scrolls of revelation
 s - a scroll of immolation
 t - 4 scrolls of fog
 y - 2 scrolls of amnesia
 B - 2 scrolls of fear
Potions
 e - 2 potions of enlightenment
 f - 3 potions of cancellation
 j - a potion of resistance
 r - a potion of curing
 u - a potion of lignification
 v - a potion of haste
 w - 3 potions of might
 x - a potion of brilliance {unknown}
 z - 4 potions of attraction
 D - a potion of invisibility {unknown}


   Skills:
 + Level 11.1 Fighting
 - Level 6.0 Dodging
 + Level 10.8 Unarmed Combat
 + Level 7.3 Shapeshifting


You had 10 spell levels left.
You didn't know any spells.
Your spell library contained the following spells:

 Spells                   Type           Power      Damage    Failure   Level
 Magic Dart               Conj           0%         1d3       45%         1
 Necrotise                Necr           0%         1d4       45%         1
 Call Imp                 Summ           0%         N/A       58%         2
 Cigotuvi's Dreadful Rot  Necr/Alch/Air  0%         N/A       58%         2
 Swiftness                Air            0%         N/A       83%         3
 Vampiric Draining        Necr           0%         2d6       83%         3
 Ignite Poison            Fire/Alch      0%         N/A       99%         4
 Martyr's Knell           Necr/Summ      0%         N/A       99%         4
 Curse of Agony           Necr           0%         N/A       100%        5
 Freezing Cloud           Conj/Ice/Air   0%         6-21      100%        5
 Starburst                Conj/Fire      0%         6d3       100%        6
 Maxwell's Capacitive Co  Air            0%         ∞         100%        8
 Blink                    Tloc           Unusable   N/A       N/A         2
 Ensorcelled Hibernation  Hex/Ice        Unusable   N/A       N/A         2
 Dazzling Flash           Conj/Hex       Unusable   N/A       N/A         3
 Passwall                 Erth           Unusable   N/A       N/A         3
 Volatile Blastmotes      Fire/Tloc      Unusable   2d10      N/A         3
 Passage of Golubria      Tloc           Unusable   N/A       N/A         4
 Silence                  Hex/Air        Unusable   N/A       N/A         5
 Lehudib's Crystal Spear  Conj/Erth      Unusable   10d2      N/A         8

Dungeon Overview and Level Annotations

Branches:
Dungeon (10/15)            Temple (1/1) D:6            Lair (0/5) D:10
    Orc (0/2) D:9

Altars:
Ashenzari
Cheibriados
Dithmenos
Elyvilon
Fedhas
Gozag
Hepliaklqana
Kikubaaqudgha
Makhleb
Nemelex Xobeh
Okawaru
Qazlal
Ru
Sif Muna
Trog
Uskayaw
Vehumet
Wu Jian
Xom
Yredelemnul
Zin
The Shining One

Shops:
D:7 [

Annotations:
D:9 1 runed translucent door
D:10 exclusion: statue


Innate Abilities, Weirdness & Mutations

You are too large for most types of armour.
You have claws for hands.
Your natural rate of healing is unusually fast.
You are covered in fur. (AC +1)
You have tough skin. (AC +1)
You cannot study or cast Earth magic.
You cannot study or cast Hexes magic.
You cannot study or cast Translocations magic.


Message History

What level of the Lair of Beasts? (default 1, ? - help)
There are monsters nearby!
The stone giant is stunned by your conviction and fails to attack.
The stone giant throws a large rock.
The large rock hits you!
Consumeair16's ghost closely misses you.
There is an open door here.
Consumeair16's ghost attacks as it pursues you!
Consumeair16's ghost hits you but does no damage.
You claw Consumeair16's ghost!
Consumeair16's ghost is moderately damaged.
Consumeair16's ghost closely misses you.
You mangle Consumeair16's ghost!!
Consumeair16's ghost is severely damaged.
Consumeair16's ghost whispers, "Trust me.
Just give in."
Consumeair16's ghost closely misses you.
You mangle Consumeair16's ghost!!
You destroy Consumeair16's ghost!
The stone giant throws a large rock.
The large rock hits you!!
Your Fighting skill increases to level 11!
The stone giant hits you!!
You scratch the stone giant but do no damage.
The stone giant hits you!
You scratch the stone giant.
The stone giant is lightly wounded.
The stone giant hits you!
You scratch the stone giant but do no damage.
You claw the stone giant!!
The stone giant is moderately wounded.
The stone giant hits you.
You mangle the stone giant!!
The stone giant is heavily wounded.
You claw the stone giant!
You claw the stone giant, but do no damage.
The stone giant is severely wounded.
The stone giant hits you!!
* * * LOW HITPOINT WARNING * * *
You feel better. The stone giant hits you!
* * * LOW HITPOINT WARNING * * *
You feel better. The stone giant hits you!!
You die...

†### #..# ##..#§§ .# ##.##
##...§§§ ## ##..# ##....#§§
# #..## #.....######## #
####.###### #......)..'..###
# #.........#
#.........##.... #
#.........# #.........######
#####.........####.........#
##............##@'.........#
...##....>......C#.........#
#####......<..####.........#
# ########### ###########


You could see a stone giant.

Vanquished Creatures
  The ghost of Consumeair16 the Slicer, a journeyman TeRe of Qazlal (D:10)
  Pikel (D:6)
  A gargoyle (D:8)
  The ghost of zeteo the Sneak, a novice KoEn of Zin (D:6)
  18 yaks
  Grum (D:9)
  Edmund (D:6)
  An acid dragon (D:9)
  A water moccasin (D:6)
  5 orc warriors
  A black bear (D:7)
  5 centaurs
  2 wolves (D:9)
  3 lemures
  A kobold brigand (D:10)
  A phantom (D:4)
  A gnoll sergeant (D:9)
  3 bullfrogs
  3 scorpions
  14 wights
  3 killer bees (D:10)
  A vampire bat (D:9)
  3 howler monkeys
  3 jellies
  3 hounds
  2 bombardier beetles (D:5)
  5 orc priests
  2 gnoll boudas
  5 iguanas
  11 orc wizards
  Terence (D:3)
  12 gnolls
  7 adders
  5 shadow imps
  2 white imps
  A dart slug (D:4)
  A ribbon worm (D:3)
  51 orcs
  3 bats
  3 bat skeletons (D:9)
  3 bat zombies (D:9)
  4 endoplasms
  3 giant cockroaches
  9 goblins
  12 hobgoblins
  10 jackals
  13 kobolds
  A quokka (D:4)
  8 ball pythons
  3 frilled lizards
  6 rats
261 creatures vanquished.

Notes
Turn   | Place    | Note
-------+----------+-------------------------------------------
     0 | D:1      | Lungfish the Troll Shapeshifter began the quest for the
                  | Orb.
     0 | D:1      | Reached XP level 1. HP: 18/18 MP: 0/0
   193 | D:1      | Reached XP level 2. HP: 26/26 MP: 1/1
   418 | D:1      | Reached XP level 3. HP: 32/32 MP: 2/2
   991 | D:2      | Identified the +7 spear of Juomoet {freeze, rC- Will+++
                  | Str+5}
  1115 | D:2      | Found an opulent altar of Gozag.
  1482 | D:3      | Reached XP level 4. HP: 39/40 MP: 3/3
  1706 | D:3      | Reached XP level 5. HP: 45/46 MP: 4/4
  1922 | D:3      | Noticed Terence
  1933 | D:3      | Killed Terence
  2236 | D:4      | Reached skill level 5 in Unarmed Combat
  2361 | D:4      | Noticed a phantom
  2374 | D:4      | Killed a phantom
  2375 | D:4      | Reached skill level 5 in Shapeshifting
  2375 | D:4      | Reached XP level 6. HP: 44/54 MP: 5/5
  2429 | D:4      | HP: 2/54 [orc priest/+2 heavy flail (4)]
  2693 | D:5      | Entered Level 5 of the Dungeon
  2877 | D:5      | Reached XP level 7. HP: 61/61 MP: 6/6
  3587 | D:6      | Noticed Pikel
  3598 | D:6      | Killed Pikel
  3599 | D:6      | Reached XP level 8. HP: 49/68 MP: 7/7
  3652 | D:6      | Reached skill level 1 in Fighting
  3684 | D:6      | Reached skill level 2 in Fighting
  3907 | D:6      | Reached XP level 9. HP: 79/80 MP: 8/8
  3937 | D:6      | Noticed Edmund
  3948 | D:6      | Killed Edmund
  4022 | D:6      | Found a runed translucent gate.
  4023 | D:6      | Found a runed translucent gate.
  4024 | D:6      | Found a runed translucent gate.
  4025 | D:6      | Noticed zeteo's ghost (novice KoEn)
  4057 | D:6      | Found a staircase to the Ecumenical Temple.
  4061 | Temple   | Entered the Ecumenical Temple
  4071 | Temple   | Became a worshipper of Ru the Awakened
  4103 | D:6      | Identified the +4 chain mail of the Snake Pit {SInv}
  4432 | D:6      | Killed zeteo's ghost
  4433 | D:6      | Reached skill level 3 in Fighting
  4553 | D:7      | Reached skill level 10 in Unarmed Combat
  5138 | D:7      | Identified a scroll of acquirement
  5139 | D:7      | Acquired a manual of Fighting
  5178 | D:7      | Found Odiuwkumn's Antique Armour Emporium.
  5235 | D:7      | Reached skill level 4 in Fighting
  5587 | D:8      | Reached skill level 5 in Fighting
  5702 | D:8      | Reached skill level 6 in Fighting
  5712 | D:8      | Reached XP level 10. HP: 64/100 MP: 9/9
  5717 | D:8      | Reached skill level 5 in Dodging
  5775 | D:8      | Noticed a gargoyle
  5799 | D:8      | Killed a gargoyle
  5800 | D:8      | Reached skill level 7 in Fighting
  6277 | D:9      | Noticed a boulder beetle
  6279 | D:9      | Found a runed translucent door.
  6368 | D:9      | Noticed Grum
  6379 | D:9      | Killed Grum
  6384 | D:9      | Reached skill level 8 in Fighting
  6503 | D:9      | Reached skill level 9 in Fighting
  6643 | D:9      | Found a staircase to the Orcish Mines.
  6733 | D:9      | Gained mutation: You cannot study or cast Earth magic. [Ru
                  | sacrifice]
  6733 | D:9      | Gained mutation: You cannot study or cast Hexes magic. [Ru
                  | sacrifice]
  6733 | D:9      | Gained mutation: You cannot study or cast Translocations
                  | magic. [Ru sacrifice]
  6733 | D:9      | Reached * piety under Ru
  6762 | D:9      | Found an ancient bone altar of Kikubaaqudgha.
  6992 | D:10     | Entered Level 10 of the Dungeon
  7000 | D:10     | Found a runed translucent door.
  7000 | D:10     | Noticed a stone giant
  7000 | D:10     | Noticed Consumeair16's ghost (journeyman TeRe)
  7014 | D:10     | Reached skill level 10 in Fighting
  7136 | D:10     | Found a radiant altar of Vehumet.
  7310 | D:10     | Found a staircase to the Lair.
  7595 | D:10     | Found a basalt altar of Yredelemnul.
  7597 | D:10     | Found a glowing silver altar of Zin.
  7690 | D:10     | Reached XP level 11. HP: 119/119 MP: 10/10
  7824 | D:10     | Killed Consumeair16's ghost
  7825 | D:10     | Reached skill level 11 in Fighting
  7833 | D:10     | Slain by a stone giant

Illustrated notes

Levels and vault maps discovered:
D:1:      nicolae_arrival_memento_mori, layout_rooms,
          chequers_serial_rivers_large_a, chequers_serial_rivers_small_b,
          eino_curves_01
D:2:      layout_basic, basic_altar
D:3:      layout_loops_ring, minmay_goblin_kobold_house, uniq_terence
D:4:      layout_rooms
D:5:      layout_basic, due_unseen_surprise
D:6:      layout_basic, minmay_temple_entry_glassed_door,
          biasface_ghost_orc_armoury, minivault_27,
          serial_library_regret_index_headful, uniq_pikel, uniq_edmund
D:7:      layout_loops_corners, serial_shops, nicolae_shop_crystal
D:8:      layout_basic, roderic_roman_lattice
D:9:      layout_small_grid, kennysheep_vampire_church, orc_0_dummy,
          minmay_st_funbox, uniq_grum
D:10:     layout_roguey, vehumet_statue, minitemple,
          grunt_lair_entry_orc_guard_hut, ebering_ghost_inner_flame
Temple:   dpeg_three_leaves_temple

Skill      XL: |  1  2  3  4  5  6  7  8  9 10 11 |
---------------+----------------------------------+-----
Unarmed Combat | 4 5 6 8 9 10 | 10.8
Shapeshifting  | 4 5 7 |  7.3
Fighting       | 2 6 10 11 | 11.1
Dodging        | 2 4 6 |  6.0

Action                     |  1- 3 |  4- 6 |  7- 9 | 10-12 || total
---------------------------+-------+-------+-------+-------++-------
  Melee: Unarmed           |    89 |   126 |   211 |   186 ||   612
         Punch             |     1 |     4 |     7 |     8 ||    20
   Fire: Sling             |       |     4 |       |       ||     4
  Throw: Dart              |       |       |     6 |       ||     6
 Invoke: Reject Sacrifices |       |       |     1 |       ||     1
         Sacrifice Arcana  |       |       |       |     1 ||     1
Ability: Begin Untransform |       |       |     3 |       ||     3
    Use: Scroll            |       |     7 |     4 |     8 ||    19
         Potion            |       |     1 |     1 |     3 ||     5
 Armour: Animal skin       |    59 |    84 |   137 |    13 ||   293
         Robe              |       |       |       |   109 ||   109
  Dodge: Dodged            |    32 |    53 |    83 |    77 ||   245
   Form: Beast             |       |       |     2 |       ||     2
